 Dungeon Crawl Stone Soup version 0.32-a0-675-gdc239d6 (webtiles) character file.

Game seed: 5310805218695875258

5490 Doldom the Cleaver (level 10, -1/86 HPs)
             Began as a Minotaur Fighter on Mar 11, 2024.
             Was a High Priest of Okawaru.
             Slain by an ogre
             ... wielding a +0 giant club
              (16 damage)
             ... on level 9 of the Dungeon.
             The game lasted 00:19:03 (8987 turns).

Doldom the Cleaver (Minotaur Fighter)               Turns: 8987, Time: 00:19:04

Health: -1/86      AC: 14    Str: 24    XL:     10   Next: 42%
Magic:  14/14      EV:  7    Int:  5    God:    Okawaru [*****.]
Gold:   504        SH:  0    Dex: 11    Spells: 9/9 levels left

rFire   . . .        H - +3 battleaxe
rCold   . . .        (shield currently unavailable)
rNeg    . . .        j - +0 plate armour
rPois   .            (helmet restricted)
rElec   .            k - +0 cloak
rCorr   .            (no gloves)
SInv    +            (no boots)
Will    .....        g - amulet of the acrobat Stlth
                     s - ring of see invisible
HPRegen 0.34/turn    (no ring)
MPRegen 0.14/turn

%: acrobat
@: no status effects
A: horns 2, retaliatory headbutt
a: Renounce Religion, Heroism, Finesse, Duel


You were on level 9 of the Dungeon.
You worshipped Okawaru.
Okawaru was extremely pleased with you.
You visited 2 branches of the dungeon, and saw 10 of its levels.
You also visited: Ossuary.

You collected 504 gold pieces.

Inventory:

Hand Weapons
 H - a +3 battleaxe (weapon)
Missiles
 f - 55 poisoned darts (quivered)
Armour
 j - a +0 plate armour (worn)
 k - a +0 cloak (worn)
Jewellery
 g - an amulet of the acrobat (around neck)
 s - a ring of see invisible (left hand)
Wands
 a - a wand of iceblast (12)
 r - a wand of polymorph (6)
 z - a wand of quicksilver (13)
Scrolls
 b - a scroll of enchant weapon {unknown}
 d - a scroll of blinking {unknown}
 h - a scroll of revelation {unknown}
 m - a scroll of torment
 o - a scroll of fog {unknown}
 u - a scroll of noise {unknown}
 v - a scroll of vulnerability {unknown}
 y - a scroll of teleportation {unknown}
 C - a scroll of amnesia {unknown}
Potions
 c - a potion of resistance {unknown}
 i - 2 potions of curing
 l - 2 potions of enlightenment
 n - 2 potions of invisibility
 p - a potion of haste {unknown}
 q - a potion of ambrosia {unknown}
 t - 2 potions of lignification {unknown}
 B - 2 potions of might
 E - 2 potions of berserk rage
 F - a potion of cancellation {unknown}


   Skills:
 + Level 7.0 Fighting
 - Level 12.0 Axes
 - Level 5.0 Throwing
 + Level 7.0 Armour
 - Level 5.0 Shields
 - Level 7.0 Invocations
 - Level 3.0 Evocations


You had 9 spell levels left.
You didn't know any spells.
Your spell library contained the following spells:

 Spells                   Type           Power      Damage    Failure   Level
 Kiss of Death            Conj/Necr      0%         2d5       100%        1
 Cigotuvi's Dreadful Rot  Necr/Alch/Air  0%         N/A       100%        2
 Mercury Vapours          Alch/Air       0%         N/A       100%        2
 Confusing Touch          Hex            0%         N/A       100%        3
 Mephitic Cloud           Conj/Alch/Air  0%         N/A       100%        3
 Dispel Undead            Necr           0%         3d6       100%        4
 Ignite Poison            Fire/Alch      0%         N/A       100%        4
 Freezing Cloud           Conj/Ice/Air   0%         6-21      100%        5


Dungeon Overview and Level Annotations

Branches:
Dungeon (9/15)             Temple (1/1) D:4         Ossuary (visited)
   Lair: D:8-11         Orc: D:9-12

Altars:
Ashenzari
Cheibriados
Dithmenos
Fedhas
Gozag
Hepliaklqana
Kikubaaqudgha
Makhleb
Okawaru
Qazlal
Ru
Sif Muna
Trog
Uskayaw
Wu Jian
Xom
Yredelemnul
Zin
The Shining One

Shops:
D:5 ?


Innate Abilities, Weirdness & Mutations

You have a pair of horns on your head.
You reflexively headbutt those who attack you in melee.


Message History

The air fills with toxic fumes!
As you read the scroll of poison, it crumbles to dust.
The killer bee closely misses you.
You miss the killer bee.
The killer bee stings you but does no damage. x2
You miss the killer bee. The killer bee closely misses you.
The killer bee stings you.
* * * LOW HITPOINT WARNING * * *
You are poisoned.
The killer bee poisons you!
You hit the killer bee.
The killer bee is moderately wounded.
You feel very sick.
The killer bee stings you but does no damage. x2
You feel better.
The killer bee stings you but does no damage. x2
You closely miss the killer bee. Your headbutt misses the killer bee.
The killer bee is moderately wounded.
The killer bee stings you.
* * * LOW HITPOINT WARNING * * *
The killer bee stings you but does no damage.
The killer bee barely misses you. You furiously retaliate!
You headbutt the killer bee!
You kill the killer bee!
Okawaru accepts your kill.
Training target 7.0 for Invocations reached!
Your Invocations skill increases to level 7!
You need to enable at least one skill for training.
You start resting.
An ogre is nearby!
Okay, then.
The ogre completely misses you. You furiously retaliate!
You headbutt the ogre! You slash the ogre! Your headbutt misses the ogre.
The ogre is almost dead.
The ogre hits you with a +0 giant club!
* * * LOW HITPOINT WARNING * * *
You hit the ogre.
The ogre is almost dead.
The ogre hits you with a +0 giant club!
You die...

........#
####.......##
........# #.......'
........# #.......#
##.# #########
####O#### #.. ####..#
#.# #..).## ####.####
##.######### #........
#..........###........
#...O@......)#...))...
#..........#)#....)...
#..........#......)...
#..........###K$######
#..........# ####
#..........#
#..........#
############


You could see an ogre.

Vanquished Creatures
  Jeremiah (D:8)
  A troll (D:9)
  Grinder (D:4)
  Sigmund (D:6)
  A wyvern (D:7)
  Menkaure (D:7)
  Edmund (D:5)
  A water moccasin (D:7)
  Duvessa (D:5)
  An ice beast (D:7)
  A sky beast (D:7)
  3 ogres
  A centaur (D:9)
  A phantom (D:5)
  5 kobold brigands
  Blork the orc (D:4)
  2 bullfrogs
  3 scorpions (D:5)
  15 wights
  Dowan (D:5)
  9 killer bees
  5 howler monkeys
  2 bombardier beetles
  A crimson imp (D:6)
  3 centaur skeletons (Ossuary)
  A human zombie (D:6)
  2 orc priests
  2 gnoll boudas
  3 hounds
  2 jellies
  A spectral scorpion (Ossuary)
  2 human skeletons (D:6)
  2 sleepcaps (D:4)
  9 iguanas
  An orc wizard (D:4)
  A crocodile zombie (Ossuary)
  10 mummies (Ossuary)
  10 gnolls
  8 adders
  A white imp (D:6)
  2 ufetubi (D:6)
  4 dart slugs
  A ribbon worm (D:4)
  22 orcs
  6 ball pythons
  5 endoplasms
  4 giant cockroaches
  3 goblins
  3 hobgoblins
  6 quokkas
  7 bats
  3 frilled lizards
  A gnoll skeleton (Ossuary)
  34 kobolds
  2 kobold skeletons (Ossuary)
  5 orc skeletons
  4 rats
  10 spectral rats (Ossuary)
240 creatures vanquished.

Notes
Turn   | Place    | Note
-------+----------+-------------------------------------------
     0 | D:1      | Doldom the Minotaur Fighter began the quest for the Orb.
     0 | D:1      | Reached XP level 1. HP: 19/19 MP: 0/0
   129 | D:1      | Reached skill level 3 in Axes
   371 | D:1      | Reached XP level 2. HP: 26/26 MP: 1/1
   938 | D:2      | Reached skill level 4 in Axes
   954 | D:2      | Reached XP level 3. HP: 31/31 MP: 2/2
  1699 | D:2      | Reached skill level 5 in Axes
  2109 | D:3      | Reached XP level 4. HP: 39/39 MP: 3/3
  2534 | D:4      | Found a staircase to the Ecumenical Temple.
  2566 | Temple   | Entered the Ecumenical Temple
  2572 | Temple   | Became a worshipper of Warmaster Okawaru
  2647 | D:4      | Reached skill level 6 in Axes
  2656 | D:4      | Reached XP level 5. HP: 19/45 MP: 4/4
  2796 | D:4      | Reached skill level 7 in Axes
  3153 | D:4      | Reached * piety under Okawaru
  3154 | D:4      | Reached XP level 6. HP: 50/51 MP: 5/5
  3335 | D:4      | Noticed Blork the orc
  3345 | D:4      | Killed Blork the orc
  3346 | D:4      | Reached skill level 8 in Axes
  3426 | D:4      | Noticed Grinder
  3428 | D:4      | Paralysed by Grinder for 5 turns
  3440 | D:4      | Killed Grinder
  3441 | D:4      | Reached skill level 9 in Axes
  3441 | D:4      | Reached XP level 7. HP: 52/57 MP: 4/6
  3620 | D:4      | Reached skill level 5 in Shields
  3822 | D:5      | Entered Level 5 of the Dungeon
  4006 | D:5      | Reached skill level 1 in Throwing
  4006 | D:5      | Reached skill level 1 in Invocations
  4023 | D:5      | Noticed Edmund
  4041 | D:5      | Reached ** piety under Okawaru
  4052 | D:5      | Killed Edmund
  4053 | D:5      | Reached skill level 5 in Fighting
  4053 | D:5      | Reached skill level 5 in Armour
  4053 | D:5      | Reached XP level 8. HP: 13/68 MP: 5/8
  4277 | D:5      | Noticed Dowan
  4284 | D:5      | Noticed Duvessa
  4299 | D:5      | Killed Dowan
  4310 | D:5      | Killed Duvessa
  4525 | D:5      | Found a stormy altar of Qazlal.
  4906 | D:5      | Found Tigrebb's Magic Scroll Boutique.
  5196 | D:6      | Found a sand-covered staircase.
  5201 | Ossuary  | Entered an ossuary
  5803 | D:6      | Found a burning altar of Makhleb.
  5862 | D:6      | Reached XP level 9. HP: 72/78 MP: 10/10
  5864 | D:6      | Reached *** piety under Okawaru
  5904 | D:6      | Reached skill level 10 in Axes
  5987 | D:6      | Noticed Sigmund
  5997 | D:6      | Killed Sigmund
  6445 | D:7      | Reached skill level 11 in Axes
  6573 | D:7      | Noticed Menkaure
  6582 | D:7      | Killed Menkaure
  6683 | D:7      | Reached skill level 12 in Axes
  6778 | D:7      | Reached **** piety under Okawaru
  7017 | D:7      | Reached skill level 1 in Evocations
  7179 | D:7      | Reached XP level 10. HP: 46/86 MP: 12/12
  7653 | D:8      | Noticed Jeremiah
  7655 | D:8      | Reached skill level 5 in Throwing
  7655 | D:8      | Reached skill level 5 in Invocations
  7923 | D:8      | Killed Jeremiah
  7923 | D:8      | Reached ***** piety under Okawaru
  8719 | D:9      | Found a shimmering blue altar of Sif Muna.
  8911 | D:9      | HP: 2/83 [troll (3)]
  8916 | D:9      | HP: 1/86 [ogre/+0 giant spiked club (26)]
  8933 | D:9      | HP: 4/86 [orc/+0 whip (3)]
  8987 | D:9      | Slain by an ogre

Illustrated notes

Levels and vault maps discovered:
D:1:      dpeg_arrival_another_circle, layout_loops_corners
D:2:      layout_loops_corners, glass_columns_c, chequers_serial_rivers_small_b
D:3:      layout_basic
D:4:      layout_basic, minmay_temple_entry_proselytizer, uniq_grinder,
          uniq_blork_the_orc
D:5:      layout_loops_ring, nicolae_qazlal_eye_of_the_storm, serial_shops,
          shop, serial_bayou_pond_e, dk_vineyard_2, grunt_ministairs_10,
          nicolae_grassy_gnolls, uniq_duvessa, uniq_edmund
D:6:      layout_rooms, makhleb_grotto_becter, nicolae_ossuary_entry_catacombs,
          hangedman_abyss_or_decor_stabs, uniq_sigmund
D:7:      nicolae_cairo_tiling_very_big, layout_basic,
          nicolae_overflow_hidden_temple, uniq_menkaure
D:8:      layout_rooms, uniq_jeremiah
D:9:      layout_roguey, mainiacjoe_overflow_swirl,
          mainiacjoe_overflow_24_doors, kennysheep_orc_monster_closet_entryway
Temple:   nicolae_temple_x_marks_the_god

Skill      XL: |  1  2  3  4  5  6  7  8  9 10 |
---------------+-------------------------------+-----
Axes           | 3 4 5 6 7 9 12 | 12.0
Shields        | 4 5 |  5.0
Fighting       | 5 7 |  7.0
Armour         | 5 7 |  7.0
Throwing       | 1 3 4 5 |  5.0
Invocations    | 1 3 4 7 |  7.0
Evocations     | 1 3 |  3.0

Action                     |  1- 3 |  4- 6 |  7- 9 | 10-12 || total
---------------------------+-------+-------+-------+-------++-------
  Melee: War axe           |    84 |    65 |   387 |    68 ||   604
         Headbutt          |    10 |    14 |    87 |    19 ||   130
         Battleaxe         |       |       |       |    71 ||    71
 Invoke: Heroism           |       |     1 |     3 |       ||     4
    Use: Scroll            |     1 |     2 |     6 |     8 ||    17
         Potion            |       |     1 |     1 |     4 ||     6
 Armour: Scale mail        |    24 |       |       |       ||    24
         Plate armour      |    26 |    35 |   256 |   137 ||   454
  Dodge: Dodged            |    63 |    17 |   107 |    56 ||   243
  Block: Buckler           |    21 |     7 |    79 |    15 ||   122

Table legend: (Time is in decaauts)
 A = Elapsed time spent in this place.
 B = Non-inter-level travel time spent in this place.
 C = Inter-level travel time spent in this place.
 D = Time resting spent in this place.
 E = Time spent auto-exploring this place.
 F = Levels seen in this place.
 G = Mean time per level.
                   A        B        C        D        E       F      G
               +--------+--------+--------+--------+--------+-----+--------+
         Total |   9032 |   8778 |    254 |    726 |   6528 |  11 |  821.1 |
       Dungeon |   8632 |   8378 |    254 |    726 |   6278 |   9 |  959.1 |
        Temple |     10 |     10 |      0 |      0 |      0 |   1 |   10.0 |
       Ossuary |    388 |    388 |      0 |      0 |    250 |   1 |  388.0 |
               +--------+--------+--------+--------+--------+-----+--------+

Top non-repeatable levels by time:
     D:4: 1398 daAuts
     D:7: 1349 daAuts
     D:5: 1230 daAuts
     D:2: 968 daAuts
     D:6: 958 daAuts
     D:1: 939 daAuts
     D:8: 742 daAuts
     D:3: 547 daAuts
     D:9: 497 daAuts
 Ossuary: 388 daAuts
  Temple: 10 daAuts
